PAA
ASHEVILLE HIGHLANDERS @ ATHLETIC CLUB KC ACADEMY
07/28/2024
 
TOP OF THE 1ST
Asheville Highlanders batting - Pitching for Athletic Club KC Academy : LHP Fernando Durán
Pitching: LHP Fernando Durán
Batting: RHB Baldomero Avino 0-0: Foul Ball, location: 2F
0-1: Ground out 2-3 (Groundball, 15S)
Batting: RHB Chris Oudekirk 0-0: Ball
1-0: Ball
2-0: Ball
3-0: Called Strike
3-1: Foul Ball, location: 2F
3-2: Fly out, F8 (Flyball, 8LM)
Batting: RHB Bryce Bancroft 0-0: Called Strike
0-1: Called Strike
0-2: Ball
1-2: Strikes out swinging
Top of the 1st over - 0 run(s), 0 hit(s), 0 error(s), 0 left on base; Asheville 0 - Athletic Club KC Academy 0
BOTTOM OF THE 1ST
Athletic Club KC Academy batting - Pitching for Asheville Highlanders : RHP Juan Lara
Pitching: RHP Juan Lara
Batting: SHB António Montés 0-0: Fly out, F3 (Popup, 3S)
Batting: LHB Manuel Domínguez 0-0: Ball
1-0: Called Strike
1-1: Ball
2-1: Ball
3-1: Base on Balls
Batting: SHB Fernando Luna 0-0: Ball
1-0: Ball
2-0: Fly out, F8 (Flyball, 8LD)
Batting: RHB Allen Williams 0-0: Ball
1-0: Swinging Strike
1-1: Ball
Wild Pitch!
Manuel Domínguez to second
2-1: Ball
3-1: Foul Ball, location: 2F
3-2: Ground out 6-3 (Groundball, 6)
Bottom of the 1st over - 0 run(s), 0 hit(s), 0 error(s), 1 left on base; Asheville 0 - Athletic Club KC Academy 0
TOP OF THE 2ND
Asheville Highlanders batting - Pitching for Athletic Club KC Academy : LHP Fernando Durán
Batting: RHB Marcos Calderón 0-0: Fly out, F3 (Popup, 34D)
Batting: RHB Edén Mont 0-0: Ball
1-0: Ball
2-0: Ball
3-0: Called Strike
3-1: Called Strike
3-2: Base on Balls
Batting: SHB Gonzalo Valentín 0-0: Called Strike
0-1: Grounds into double play, 4-6-3 (Groundball, 4)
Top of the 2nd over - 0 run(s), 0 hit(s), 0 error(s), 0 left on base; Asheville 0 - Athletic Club KC Academy 0
BOTTOM OF THE 2ND
Athletic Club KC Academy batting - Pitching for Asheville Highlanders : RHP Juan Lara
Batting: SHB Eric Moore 0-0: Ball
1-0: Ball
2-0: Ball
3-0: Base on Balls
Batting: RHB Maurice Quinn 0-0: Ball
1-0: Fly out, F8 (Flyball, 8LM)
Batting: RHB José Flores 0-0: Ball
Eric Moore steals 2nd base
1-0: Ground out 5-3 (Groundball, 56)
Batting: RHB Chris Teague 0-0: Called Strike
0-1: Fly out, F6 (Line Drive, 6)
Bottom of the 2nd over - 0 run(s), 0 hit(s), 0 error(s), 1 left on base; Asheville 0 - Athletic Club KC Academy 0
TOP OF THE 3RD
Asheville Highlanders batting - Pitching for Athletic Club KC Academy : LHP Fernando Durán
Batting: RHB Corey Vaughn 0-0: Ball
1-0: Fly out, F7 (Flyball, 7LS)
Batting: RHB Paco Vásquez 0-0: Foul Ball, location: 2F
0-1: Ball
1-1: Ground out 5-3 (Groundball, 5)
Batting: LHB Juan Montés 0-0: Called Strike
0-1: Called Strike
0-2: Ball
1-2: Ground out 3-1 (Groundball, 34)
Top of the 3rd over - 0 run(s), 0 hit(s), 0 error(s), 0 left on base; Asheville 0 - Athletic Club KC Academy 0
BOTTOM OF THE 3RD
Athletic Club KC Academy batting - Pitching for Asheville Highlanders : RHP Juan Lara
Batting: RHB Iván Chacón 0-0: Ball
1-0: Called Strike
1-1: Foul Ball, location: 2F
1-2: Foul Ball, location: 2F
1-2: Ball
2-2: Ball
3-2: Foul Ball, location: 2F
3-2: Foul Ball, location: 2F
3-2: SINGLE (Line Drive, 4MD)
Batting: SHB António Montés 0-0: Ball
1-0: Called Strike
1-1: Ball
2-1: Foul Ball, location: 2F
2-2: SINGLE (Groundball, 4MD)
Iván Chacón to second
Runner from 2nd tries for 3rd, SAFE, throw made to third
António Montés to second
Batting: LHB Manuel Domínguez 0-0: Foul Ball, location: 2F
0-1: Foul Ball, location: 2F
0-2: Foul Ball, location: 2F
0-2: Fly out, F8 (Flyball, 8LM)
Runner from 3rd tags up, SCORES, throw made
Batting: SHB Fernando Luna 0-0: Called Strike
0-1: Fly out, F7 (Flyball, 7LM)
Batting: RHB Allen Williams 0-0: Called Strike
0-1: Ball
1-1: SINGLE (Groundball, 6MD) (infield hit)
António Montés to third
Batting: SHB Eric Moore 0-0: Ball
1-0: Ball
2-0: Ball
3-0: Called Strike
3-1: Fly out, F8 (Flyball, 8LM)
Bottom of the 3rd over - 1 run(s), 3 hit(s), 0 error(s), 2 left on base; Asheville 0 - Athletic Club KC Academy 1
TOP OF THE 4TH
Asheville Highlanders batting - Pitching for Athletic Club KC Academy : LHP Fernando Durán
Batting: RHB Baldomero Avino 0-0: Swinging Strike
0-1: Ball
1-1: Fly out, F7 (Flyball, 7S)
Batting: RHB Chris Oudekirk 0-0: SINGLE (Groundball, 3D)
Batting: RHB Bryce Bancroft 0-0: Ball
1-0: Foul Ball, location: 2F
1-1: Swinging Strike
1-2: Ball
2-2: Ball
3-2: Base on Balls
Chris Oudekirk to second
Batting: RHB Marcos Calderón 0-0: Ground out U3 (Groundball, 3S)
Chris Oudekirk to third
Bryce Bancroft to second
Batting: RHB Edén Mont 0-0: Ball
1-0: Ball
2-0: Ball
3-0: Called Strike
3-1: SINGLE (Line Drive, 89S)
Chris Oudekirk scores
Bryce Bancroft to third
Runner from 3rd tries for Home, SAFE, throw made home
Edén Mont to second
Batting: SHB Gonzalo Valentín 0-0: Swinging Strike
0-1: Called Strike
0-2: Ball
1-2: Foul Ball, location: 2F
1-2: Fly out, F7 (Flyball, 7LD)
Top of the 4th over - 2 run(s), 2 hit(s), 0 error(s), 1 left on base; Asheville 2 - Athletic Club KC Academy 1
BOTTOM OF THE 4TH
Athletic Club KC Academy batting - Pitching for Asheville Highlanders : RHP Juan Lara
Batting: RHB Maurice Quinn 0-0: Ball
1-0: Swinging Strike
1-1: Foul Ball, location: 2F
1-2: Ball
2-2: Ball
3-2: Foul Ball, location: 2F
3-2: Foul Ball, location: 2F
3-2: Base on Balls
Batting: RHB José Flores 0-0: Ball
1-0: DOUBLE (Groundball, 5L)
Maurice Quinn to third
Batting: RHB Chris Teague 0-0: Called Strike
0-1: Ball
1-1: Swinging Strike
1-2: Ground out 5-3 (Groundball, 56)
Maurice Quinn scores
Batting: RHB Iván Chacón 0-0: Called Strike
0-1: Ball
1-1: Ball
2-1: Swinging Strike
2-2: Ball
3-2: Fly out, F8 (Flyball, 8RM)
Batting: SHB António Montés 0-0: Called Strike
0-1: Called Strike
0-2: Ball
1-2: Foul Ball, location: 2F
1-2: Foul Ball, location: 2F
1-2: Ball
2-2: Ball
3-2: Strikes out swinging
Bottom of the 4th over - 1 run(s), 1 hit(s), 0 error(s), 1 left on base; Asheville 2 - Athletic Club KC Academy 2
TOP OF THE 5TH
Asheville Highlanders batting - Pitching for Athletic Club KC Academy : LHP Fernando Durán
Batting: RHB Corey Vaughn 0-0: Fly out, F8 (Popup, 6MD)
Batting: RHB Paco Vásquez 0-0: Called Strike
0-1: Ball
1-1: Fly out, F7 (Line Drive, 7S)
Batting: LHB Juan Montés 0-0: Foul Ball, location: 2F
0-1: Ground out 1-3 (Groundball, 15S)
Top of the 5th over - 0 run(s), 0 hit(s), 0 error(s), 0 left on base; Asheville 2 - Athletic Club KC Academy 2
BOTTOM OF THE 5TH
Athletic Club KC Academy batting - Pitching for Asheville Highlanders : RHP Juan Lara
Batting: LHB Manuel Domínguez 0-0: Ball
1-0: Ball
2-0: Called Strike
2-1: Ball
3-1: Ground out U3 (Groundball, 3L)
Batting: SHB Fernando Luna 0-0: Ball
1-0: Ball
2-0: Ball
3-0: Called Strike
3-1: Reached on error, E5 (Groundball, 15S)
Batting: RHB Allen Williams 0-0: Foul Ball, location: 2F
0-1: Ground out 6-3 (Groundball, 6)
Batting: SHB Eric Moore 0-0: Foul Ball, location: 2F
0-1: Ball
1-1: Called Strike
1-2: Ball
2-2: Ball
3-2: Fly out, F7 (Flyball, 7M)
Bottom of the 5th over - 0 run(s), 0 hit(s), 1 error(s), 1 left on base; Asheville 2 - Athletic Club KC Academy 2
TOP OF THE 6TH
Asheville Highlanders batting - Pitching for Athletic Club KC Academy : LHP Fernando Durán
Batting: RHB Baldomero Avino 0-0: Ball
1-0: SINGLE (Groundball, 6MD)
Batting: RHB Chris Oudekirk 0-0: Ball
1-0: Bunt missed!
1-1: Sac Bunt - play at first, batter OUT! 2-4
Baldomero Avino to second
Batting: RHB Bryce Bancroft 0-0: Ball
1-0: SINGLE (Flyball, 89S)
Baldomero Avino to third
Runner from 3rd tries for Home, SAFE, throw made home
Batting: RHB Marcos Calderón 0-0: Ball
1-0: Ball
2-0: Ball
3-0: Base on Balls
Bryce Bancroft to second
Batting: RHB Edén Mont 0-0: Ball
Passed Ball!
Bryce Bancroft to third
Marcos Calderón to second
1-0: Ball
2-0: Ball
3-0: Called Strike
3-1: Base on Balls
Batting: SHB Gonzalo Valentín 0-0: Called Strike
0-1: Foul Ball, location: 2F
0-2: Ball
1-2: Foul Ball, location: 2F
1-2: Fly out, F9 (Popup, 9S)
Batting: RHB Corey Vaughn 0-0: Called Strike
0-1: Foul Ball, location: 2F
0-2: Ball
1-2: Ball
2-2: Ball
3-2: Base on Balls
Bryce Bancroft scores
Marcos Calderón to third
Edén Mont to second
Batting: RHB Paco Vásquez 0-0: Called Strike
0-1: Ball
1-1: SINGLE (Groundball, 56D)
Marcos Calderón scores
Edén Mont to third
Corey Vaughn to second
Runner from 3rd tries for Home, SAFE, no throw or cutoff
Pitching: RHP Jake Hawkins
Batting: LHB Juan Montés 0-0: Ball
1-0: Called Strike
1-1: Foul Ball, location: 2F
1-2: Strikes out swinging
Top of the 6th over - 4 run(s), 3 hit(s), 0 error(s), 2 left on base; Asheville 6 - Athletic Club KC Academy 2
BOTTOM OF THE 6TH
Athletic Club KC Academy batting - Pitching for Asheville Highlanders : RHP Juan Lara
Batting: RHB Maurice Quinn 0-0: Called Strike
0-1: Ball
1-1: Ball
2-1: Swinging Strike
2-2: Strikes out swinging, 2-3 out at first.
Batting: RHB José Flores 0-0: Ball
1-0: Ball
2-0: Foul Ball, location: 2F
2-1: Ball
3-1: Ground out 5-3 (Groundball, 5S)
Batting: RHB Chris Teague 0-0: Swinging Strike
0-1: Called Strike
0-2: Ball
1-2: Fly out, F6 (Popup, 15)
Bottom of the 6th over - 0 run(s), 0 hit(s), 0 error(s), 0 left on base; Asheville 6 - Athletic Club KC Academy 2
TOP OF THE 7TH
Asheville Highlanders batting - Pitching for Athletic Club KC Academy : RHP Jake Hawkins
Batting: RHB Baldomero Avino 0-0: Foul Ball, location: 2F
0-1: Ball
1-1: Ground out 5-3 (Groundball, 56S)
Batting: RHB Chris Oudekirk 0-0: Called Strike
0-1: Ground out 6-3 (Groundball, 6M)
Batting: RHB Bryce Bancroft 0-0: Ball
1-0: Ball
2-0: Called Strike
2-1: Fly out, F8 (Flyball, 8LXD)
Top of the 7th over - 0 run(s), 0 hit(s), 0 error(s), 0 left on base; Asheville 6 - Athletic Club KC Academy 2
BOTTOM OF THE 7TH
Athletic Club KC Academy batting - Pitching for Asheville Highlanders : RHP Juan Lara
Batting: RHB Iván Chacón 0-0: Ball
1-0: Foul Ball, location: 2F
1-1: Swinging Strike
1-2: SINGLE (Groundball, 15) (infield hit)
Pitching: LHP Joaquín Ramírez
Batting: SHB António Montés 0-0: Called Strike
0-1: Foul Ball, location: 2F
0-2: Fly out, F4 (Popup, 4MD)
Batting: LHB Manuel Domínguez 0-0: Ball
1-0: Ball
2-0: Fly out, F7 (Flyball, 7S)
Batting: SHB Fernando Luna 0-0: Called Strike
0-1: Fielders Choice at 2nd, U6 (Groundball, 6M)
Bottom of the 7th over - 0 run(s), 1 hit(s), 0 error(s), 1 left on base; Asheville 6 - Athletic Club KC Academy 2
TOP OF THE 8TH
Asheville Highlanders batting - Pitching for Athletic Club KC Academy : RHP Jake Hawkins
Batting: RHB Marcos Calderón 0-0: Ball
1-0: Ball
2-0: Ball
3-0: Base on Balls
Batting: RHB Edén Mont 0-0: Ball
Wild Pitch!
Marcos Calderón to second
1-0: Intentional Walk
Batting: SHB Gonzalo Valentín 0-0: Ball
1-0: Ball
2-0: Ball
3-0: Called Strike
3-1: Base on Balls
Marcos Calderón to third
Edén Mont to second
Batting: RHB Corey Vaughn 0-0: Called Strike
0-1: Called Strike
0-2: Ball
1-2: Strikes out swinging
Batting: RHB Paco Vásquez 0-0: Ball
1-0: Ball
2-0: Ball
3-0: Called Strike
3-1: Called Strike
3-2: Strikes out swinging
Batting: LHB Juan Montés 0-0: Ball
1-0: Ball
2-0: Ball
3-0: Called Strike
3-1: Ground out 4-3 (Groundball, 4)
Top of the 8th over - 0 run(s), 0 hit(s), 0 error(s), 3 left on base; Asheville 6 - Athletic Club KC Academy 2
BOTTOM OF THE 8TH
Athletic Club KC Academy batting - Pitching for Asheville Highlanders : LHP Joaquín Ramírez
Batting: RHB Allen Williams 0-0: Foul Ball, location: 2F
0-1: Foul Ball, location: 2F
0-2: Foul Ball, location: 2F
0-2: Fly out, F3 (Popup, 3S)
Batting: SHB Eric Moore 0-0: Called Strike
0-1: Ball
1-1: Ball
2-1: SINGLE (Line Drive, 9LS)
Batting: RHB Maurice Quinn 0-0: Foul Ball, location: 2F
0-1: Ball
1-1: Called Strike
1-2: Ball
2-2: Foul Ball, location: 2F
2-2: Strikes out looking
Batting: RHB José Flores 0-0: DOUBLE (Flyball, 78XD)
Eric Moore to third
Runner from 3rd tries for Home, SAFE, no throw or cutoff
Pitching: RHP Henry Wheeler
Batting: RHB Chris Teague 0-0: Fly out, F8 (Flyball, 78M)
Bottom of the 8th over - 1 run(s), 2 hit(s), 0 error(s), 1 left on base; Asheville 6 - Athletic Club KC Academy 3
TOP OF THE 9TH
Asheville Highlanders batting - Pitching for Athletic Club KC Academy : RHP Jake Hawkins
Batting: RHB Baldomero Avino 0-0: Ball
1-0: Foul Ball, location: 2F
1-1: Called Strike
1-2: Strikes out swinging
Batting: RHB Chris Oudekirk 0-0: Called Strike
0-1: Ball
1-1: Ball
2-1: Ball
3-1: Base on Balls
Batting: RHB Bryce Bancroft 0-0: Ball
1-0: Called Strike
1-1: Ball
2-1: DOUBLE (Line Drive, 8RD)
Chris Oudekirk to third
Batting: RHB Marcos Calderón 0-0: Ball
1-0: Ball
2-0: Ground out 5-3 (Groundball, 56)
Batting: RHB Edén Mont 0-0: Called Strike
0-1: Foul Ball, location: 2F
0-2: Ball
1-2: Ground out 6-3 (Groundball, 6M)
Top of the 9th over - 0 run(s), 1 hit(s), 0 error(s), 2 left on base; Asheville 6 - Athletic Club KC Academy 3
BOTTOM OF THE 9TH
Athletic Club KC Academy batting - Pitching for Asheville Highlanders : RHP Henry Wheeler
Pitching: RHP Gus Gamble
Batting: RHB Iván Chacón 0-0: SINGLE (Line Drive, 6M)
Batting: SHB António Montés 0-0: Swinging Strike
0-1: Fly out, F9 (Flyball, 9LS)
Batting: LHB Manuel Domínguez 0-0: Fly out, F6 (Popup, 5)
Batting: SHB Fernando Luna 0-0: Swinging Strike
0-1: Ball
1-1: Foul Ball, location: 2F
1-2: Foul Ball, location: 2F
1-2: Ball
2-2: Ball
3-2: Base on Balls
Iván Chacón to second
Batting: RHB Allen Williams 0-0: Ball
1-0: Fly out, F8 (Popup, 8LS)
Bottom of the 9th over - 0 run(s), 1 hit(s), 0 error(s), 2 left on base; Asheville 6 - Athletic Club KC Academy 3
This league is powered by Out of the Park Baseball, the baseball management simulation game for PC, Mac and Linux
Monday, October 3rd, 2016 - OOTP Baseball 16.9 Build 39